 Dungeon Crawl Stone Soup version 0.27.1-34-g3ba077fa99 (webtiles) character file.

Game seed: 4120259579321379810

86 vvl the Ruffian (level 4, 0/36 HPs)
             Began as a Draconian Transmuter on Jan 25, 2022.
             Killed from afar by Ijyb (7 damage)
             ... with a puff of flame
             ... on level 3 of the Dungeon.
             The game lasted 00:03:55 (2160 turns).

vvl the Ruffian (Draconian Transmuter)              Turns: 2160, Time: 00:03:56

Health: 0/36       AC:  5    Str: 14    XL:     4   Next: 26%
Magic:  7/7        EV: 12    Int: 13    God:
Gold:   95         SH:  0    Dex: 11    Spells: 7/8 levels left

rFire    . . .     SeeInvis .     - Unarmed
rCold    . . .     Faith    .   (no shield)
rNeg     . . .     Spirit   .   (armour unavailable)
rPois    .         Reflect  .   (helmet restricted)
rElec    .         Harm     .   (no cloak)
rCorr    .         Rampage  .   (no gloves)
Will     .....                  (no boots)
Stlth    +.........             c - amulet of magic regeneration
HPRegen  0.12/turn              (no ring)
MPRegen  0.35/turn              (no ring)

@: flying
A: AC +5, unfitting armour, cold-blooded
a: no special abilities


You were on level 3 of the Dungeon.
You visited 1 branch of the dungeon, and saw 3 of its levels.

You collected 95 gold pieces.

Inventory:

Magical Staves
 d - a staff of earth
Jewellery
 c - an amulet of magic regeneration (around neck)
Scrolls
 a - a scroll of silence {unknown}
 b - 3 scrolls of identify {unknown}
 f - 2 scrolls of fear {unknown}
 h - a scroll of enchant weapon {unknown}
 i - a scroll of vulnerability {unknown}


   Skills:
 + Level 2.1 Fighting
 + Level 2.4 Dodging
 + Level 3.5 Unarmed Combat
 + Level 2.5 Spellcasting
 + Level 2.6 Transmutations


You had 7 spell levels left.
You knew the following spells:

 Your Spells              Type           Power      Damage    Failure   Level
a - Beastly Appendage     Tmut           16%        N/A       9%          1

Your spell library contained the following spells:

 Spells                   Type           Power      Damage    Failure   Level
 Wereblood                Tmut           8%         N/A       12%         2
 Animate Skeleton         Necr           2%         N/A       24%         1
 Apportation              Tloc           2%         N/A       24%         1
 Corona                   Hex            1%         N/A       24%         1
 Summon Small Mammal      Summ           4%         N/A       24%         1
 Spider Form              Tmut/Pois      2%         N/A       38%         3
 Ice Form                 Ice/Tmut       5%         N/A       80%         4


Dungeon Overview and Level Annotations

Branches:
Dungeon (3/15)

Altars:

Shops:
D:1 (

Annotations:
D:3 Ijyb


Innate Abilities, Weirdness & Mutations

Your plain brown scales are hard. (AC +5)
You cannot fit into any form of body armour.
You are cold-blooded and may be slowed by cold attacks.


Message History

Ijyb shouts!
You hit the goblin.
You kill the goblin!
Found a fizzy orange potion.
Your transformation is almost over.
Ijyb zaps a wand.
The puff of flame hits you!
Things that are here:
a +0 club; a goblin corpse You barely miss Ijyb.
You claw Ijyb. You tail-slap Ijyb.
Ijyb is lightly wounded.
Ijyb barely misses you.
You barely miss Ijyb.
Your tail-slap misses Ijyb.
Ijyb is lightly wounded.
Ijyb hits you with a +0 dagger.
You hit Ijyb but do no damage. Your headbutt misses Ijyb.
Ijyb is lightly wounded.
Ijyb zaps a wand.
The puff of flame hits you!
It was a potion of ambrosia.
You are confused.
You feel invigorated.
Ijyb zaps a wand.
The puff of flame hits you.
Ijyb zaps a wand.
The puff of flame hits you.
Ijyb zaps a wand.
The puff of flame hits you!
Found a trident.
Ijyb zaps a wand.
The puff of flame hits you.
You feel less invigorated.
You feel less confused.
Ijyb zaps a wand.
The puff of flame misses you.
Found 11 gold pieces.
Your horns disappear.
Your talons disappear.
Ijyb zaps a wand.
The puff of flame hits you!
An endoplasm comes into view.
Ijyb zaps a wand.
The puff of flame hits you!
* * * LOW HITPOINT WARNING * * *
It was a potion of flight.
You feel very buoyant.
You fly up into the air.
It was a potion of magic.
Magic courses through your body.
Ijyb zaps a wand.
The puff of flame misses you.
Found a stone staircase leading down.
Ijyb zaps a wand.
The puff of flame hits you!
You die...

#.......... #..........
#.......... #
#.......... #.
#..........
####.########..........
#......................
#>....@......g.........
#############..........
#....####.. #....# #...
#....# #... #....# #...
#....# #... #....# #...
....#....# ##.


You could see Ijyb.

Vanquished Creatures
  An orc wizard (D:3)
  2 adders
  A dart slug (D:1)
  4 orcs (D:3)
  4 endoplasms
  2 giant cockroaches (D:2)
  5 goblins
  3 hobgoblins (D:2)
  2 quokkas (D:2)
  2 ball pythons (D:2)
  A bat (D:1)
  2 frilled lizards
  2 kobolds (D:1)
  6 rats
37 creatures vanquished.

Notes
Turn   | Place    | Note
-------+----------+-------------------------------------------
     0 | D:1      | vvl the Draconian Transmuter began the quest for the Orb.
     0 | D:1      | Reached XP level 1. HP: 16/16 MP: 3/3
   122 | D:1      | Reached XP level 2. HP: 20/23 MP: 5/5
   215 | D:1      | Found Zuqocimp's Weapon Emporium.
   499 | D:1      | Found a faded altar of an unknown god.
  1165 | D:2      | Reached XP level 3. HP: 27/29 MP: 6/6
  1860 | D:3      | Reached XP level 4. HP: 16/36 MP: 7/7
  2122 | D:3      | Noticed Ijyb
  2160 | D:3      | Killed from afar by Ijyb

Illustrated notes

Levels and vault maps discovered:
D:1:      lemuel_arrival_rhombus, layout_loops_ring,
          chequers_ecumenical_altar_twisty, serial_shops, shop_fountains
D:2:      layout_loops_corners, eino_tiny_chamber
D:3:      layout_basic, uniq_crazy_yiuf_cottage, uniq_ijyb

Skill      XL: |  1  2  3 |
---------------+----------+-----
Dodging        | 2 |  2.4
Fighting       | 2 |  2.1
Unarmed Combat | |  3.5
Spellcasting   | |  2.5
Transmutations | |  2.6

Action                   |  1- 3 |  4- 6 || total
-------------------------+-------+-------++-------
Melee: Unarmed           |    95 |     4 ||    99
       Kick              |    15 |     1 ||    16
       Headbutt          |     9 |       ||     9
       Tailslap          |     7 |     1 ||     8
 Cast: Beastly Appendage |    21 |     1 ||    22
  Use: Potion            |       |     3 ||     3
Armor: Skin              |    28 |       ||    28
Dodge: Dodged            |    49 |     3 ||    52
